 Dungeon Crawl Stone Soup version 0.30.1-3-gfc49f6343a (webtiles) character file.

Game seed: 14122610639041687378

618153 jodaslayer1 the Axe Maniac (level 26, 0/266 HPs)
             Began as a Minotaur Berserker on Aug 3, 2023.
             Was a Priest of Trog.
             Slain by a black draconian knight
             ... wielding a +1 battleaxe
              (6 damage)
             ... on level 3 of the Realm of Zot.
             The game lasted 03:45:13 (93904 turns).

jodaslayer1 the Axe Maniac (Minotaur Berserker)    Turns: 93904, Time: 03:45:13

Health: 0/266      AC: 43    Str: 34    XL:     26   Next: 95%
Magic:  10/10      EV: 16    Int:  3    God:    Trog [***...]
Gold:   4105       SH: 33    Dex: 19    Spells: 25/25 levels left

rFire   + + .        m - +2 war axe (antimagic)
rCold   + + +        Z - +2 tower shield {AC+3}
rNeg    + . .        B - +2 gold dragon scales
rPois   +            Y - +1 hat {Will+}
rElec   +            K - +0 cloak of Ebuot {rPois MP+9 Str+3}
rCorr   +            W - +2 pair of gloves {Str+3}
SInv    .            f - +2 pair of boots {Fly}
Will    ++++.        J - amulet of reflection Stlth
                     s - ring of Qesats {Will+ Slay+2}
HPRegen 0.64/turn    U - ring of Amutiroq {rPois rN+ Will+ rCorr}
MPRegen 0.12/turn

%: reflection
@: resistant, on berserk cooldown, flying, studying 2 skills
A: horns 2, retaliatory headbutt, agile 1, cold resistance 1, MP-powered wands,
sturdy frame 1
}: 3/15 runes: decaying, silver, gossamer
a: Renounce Religion, Berserk, Trog's Hand


You were on level 3 of the Realm of Zot.
You worshipped Trog.
Trog was most pleased with you.
You visited 9 branches of the dungeon, and saw 44 of its levels.
You also visited: Bailey and Gauntlet.

You collected 8089 gold pieces.
You spent 3984 gold pieces at shops.

Inventory:

Hand Weapons
 m - a +2 antimagic war axe (weapon)
 q - the +8 war axe of Distraction {heavy, rF+ rC+}
   (Trog gifted it to you on level 3 of the Depths)

   rF:        It protects you from fire.
   rC:        It protects you from cold.
 R - a +5 broad axe of electrocution
 T - the +2 broad axe of Proximity {elec, Will+}
   (You found it on level 14 of the Dungeon)

   Will:      It increases your willpower.
Armour
 f - a +2 pair of boots of flying (worn)
 B - +2 gold dragon scales (worn)
 K - the +0 cloak of Ebuot (worn) {rPois MP+9 Str+3}
   (You bought it in a shop on level 2 of the Orcish Mines)

   Str:       It affects your strength (+3).
   rPois:     It protects you from poison.
   MP:        It affects your magic capacity (+9).
 W - a +2 pair of gloves of strength (worn)
 Y - a +1 hat of willpower (worn)
 Z - a +2 tower shield of protection (worn)
Jewellery
 b - a ring of protection from cold
 d - a +6 ring of strength
 e - an amulet of guardian spirit
 h - the ring "Hick" {rF++ Will+}
   (You took it off a yaktaur captain on level 5 of the Vaults)

   [ring of willpower]

   rF:        It greatly protects you from fire.
   Will:      It increases your willpower.
 j - a +6 ring of dexterity
 s - the ring of Qesats (left hand) {Will+ Slay+2}
   (You acquired it on level 3 of the Lair of Beasts)

   [ring of willpower]

   Slay:      It affects your accuracy & damage with ranged weapons and melee
   (+2).
   Will:      It increases your willpower.
 t - a +4 ring of protection
 v - the ring "Yshonaog" {rF+ MP+9}
   (You found it on level 4 of the Lair of Beasts)

   [ring of magical power]

   rF:        It protects you from fire.
   MP:        It affects your magic capacity (+9).
 y - an amulet of the acrobat
 z - the ring "Agisuidd" {*Corrode Fly rC+ rN+ Dex+4}
   (You found it in a Gauntlet)

   [ring of flight]

   Dex:       It affects your dexterity (+4).
   rC:        It protects you from cold.
   rN:        It protects you from negative energy.
   Fly:       It grants you flight.
   *Corrode:  It may corrode you when you take damage.
 C - a ring of protection from fire
 E - a ring of see invisible
 J - an amulet of reflection (around neck)
 L - a +6 ring of intelligence
 M - the ring "Naatim" {rPois EV+5 Stlth+}
   (You found it on level 3 of the Depths)

   [ring of evasion]

   EV:        It affects your evasion (+5).
   rPois:     It protects you from poison.
   Stlth:     It makes you more stealthy.
 O - a +5 ring of evasion
 Q - a ring of protection from cold
 S - an amulet of regeneration
 U - the ring of Amutiroq (right hand) {rPois rN+ Will+ rCorr}
   (You bought it in a shop on level 3 of the Vaults)

   [ring of poison resistance]

   rPois:     It protects you from poison.
   rN:        It protects you from negative energy.
   rCorr:     It protects you from acid and corrosion.
   Will:      It increases your willpower.
Wands
 k - a wand of digging (20)
 n - a wand of mindburst (25) (quivered)
 r - a wand of flame (13)
 x - a wand of roots (65)
 I - a wand of charming (38)
Scrolls
 c - 2 scrolls of magic mapping
 i - 3 scrolls of teleportation
 o - 2 scrolls of fog
 w - a scroll of fear
 D - 2 scrolls of immolation
 G - 30 scrolls of identify
 H - a scroll of brand weapon
Potions
 a - 5 potions of mutation
 g - 13 potions of flight
 p - 6 potions of brilliance
 u - 9 potions of attraction
 A - 9 potions of ambrosia
 F - 7 potions of lignification
 N - 10 potions of magic
 P - a potion of resistance
 V - 2 potions of berserk rage
 X - 3 potions of cancellation


   Skills:
 O Level 27 Fighting
 O Level 27 Axes
 O Level 27 Armour
 * Level 12.1 Dodging
 O Level 27 Shields
 - Level 4.7 Evocations


You had 25 spell levels left.
You didn't know any spells.
Your spell library was empty.

Dungeon Overview and Level Annotations

Branches:
Dungeon (15/15)            Temple (0/1) D:5            Lair (5/5) D:9
  Swamp (4/4) Lair:2       Spider (4/4) Lair:3        Slime (0/5) Lair:4
    Orc (2/2) D:12            Elf (2/3) Orc:2        Vaults (5/5) D:14
  Crypt (0/3) Vaults:2     Depths (4/4) D:15            Zot (3/5) Depths:4
 Bailey (visited)         Gauntlet (visited)

Altars:
Gozag
Qazlal
Uskayaw
Vehumet
Wu Jian
The Shining One
Jiyva

Shops:
D:6 !   D:7 [   D:9 **   D:11 *   D:15 ?   Orc:1 [   Orc:2 [=!:   Elf:2 =:=
Vaults:2 [   Vaults:3 =   Depths:4 *?

Portals:
Hell: Depths:1 Depths:2 Depths:3 Depths:4
Abyss: Elf:1 Depths:1 Depths:3
Pandemonium: Depths:2 Depths:4
Ziggurat: Depths:2
Trove: Vaults:3 (give 2 scrolls of acquirement)

Annotations:
Lair:4 exclusion: 2 oklob plants
Swamp:2 Roxanne
Elf:1 2 transporters, 6 runed translucent doors, spardeous's ghost, adept DgEE


Innate Abilities, Weirdness & Mutations

You have a pair of horns on your head.
You reflexively headbutt those who attack you in melee.
You are agile. (Dex +4, Str/Int -1)
Your flesh is cold resistant. (rC+)
You expend magic power (3 MP) to strengthen your wands.
Your movements are slightly less encumbered by armour. (ER -2)


Message History

Qazlal smites you!
* * * LOW HITPOINT WARNING * * *
Something hits you!
* * * LOW HITPOINT WARNING * * *
You hit something but do no damage. Your headbutt misses something.
Your skin stops crawling.
You feel less strong-willed.
The komodo dragon hisses menacingly.
You slice something!! You block something's attack.
The white draconian stormcaller calls down the wrath of Qazlal upon you.
Qazlal smites you!
* * * LOW HITPOINT WARNING * * *
You hit something.
The white draconian stormcaller invokes the aid of Qazlal against you.
Qazlal smites you!
* * * LOW HITPOINT WARNING * * *
You block something's attack.
You closely miss something. You headbutt something.
The yellow draconian annihilator gestures wildly while chanting.
The yellow draconian annihilator blinks!
Something barely misses you. The wind drake flaps its wings at you.
The air twists around and strikes you.
You closely miss something. Your headbutt misses something.
You feel yourself speed up.
You hit something. Your headbutt misses something.
The yellow draconian annihilator mumbles some strange words.
The yellow draconian annihilator blinks!
You block something's attack.
You slash something! You headbutt something! You closely miss something.
You headbutt something. You miss something. Your headbutt misses something.
You hear some strange, mumbled words.
A bolt of cold appears from out of thin air!
The bolt of cold misses you.
You hit something. The wind drake flaps its wings at you.
The air twists around and strikes you.
The white draconian stormcaller utters an invocation to Qazlal.
Something hits you.
You die...

### #@### ####
##{d## ##..####
##dd###
#..<...##
#qdDl###.......#
##dkl.##........
##k...........#
#.............
##...†.......#
#........./.#


You could see a golden dragon, 2 draconians, 2 draconians, a white draconian, a
white draconian stormcaller, a wind drake (summoned, repels missiles), 2 komodo
dragons and a rime drake (summoned).

Vanquished Creatures
  3 dread liches
  An ancient lich (Vaults:5)
  5 juggernauts
  Sojobo (Vaults:3)
  A curse toe (Zot:2)
  Bai Suzhen (Depths:2)
  Saint Roka (Vaults:3)
  9 golden dragons
  Nikola (Elf:1)
  An electric golem (Zot:2)
  Jorgrun (D:12)
  The ghost of ayayaya the Apostle, an adept HOFE of Beogh (Vaults:2)
  13 tentacled monstrosities
  5 liches
  A walking earthen tome (Depths:3)
  Mlioglotl (Spider:3)
  3 titans
  A walking frostbound tome (Depths:2)
  5 quicksilver dragons
  6 sphinxes
  7 death cobs
  2 thorn hunters
  10 storm dragons
  Agnes (Elf:1)
  2 draconian monks
  5 tengu reavers
  9 shadow dragons
  2 fenstrider witches (Swamp:4)
  11 frost giants
  Louise (Spider:1)
  9 fire giants
  4 deep elf sorcerers
  2 draconian knights (Zot:3)
  6 ghost moths
  4 draconian scorchers
  7 emperor scorpions
  A ghost moth (shapeshifter) (Vaults:5)
  22 vault wardens
  An orc warlord (Vaults:1)
  The ghost of Nolodgh the Marksdemigod, a journeyman DgHu (D:14)
  5 iron dragons
  3 deep elf elementalists (Depths:2)
  5 draconian shifters
  4 war gargoyles (Vaults:5)
  2 spriggan defenders (Depths:2)
  A draconian stormcaller (Zot:2)
  3 draconian annihilators (Zot:2)
  16 stone giants
  21 ironbound preservers
  2 broodmothers
  3 vampire knights (Depths:2)
  A juggernaut skeleton (Depths:2)
  Nessos (D:13)
  8 ironbound thunderhulks
  7 eleionomae
  13 green draconians
  21 dire elephants
  4 white draconians
  27 very ugly things
  2 deep elf demonologists
  3 bunyips
  2 deep elf annihilators (Vaults:5)
  9 red draconians
  6 yellow draconians
  9 black draconians
  8 spark wasps
  A spark wasp (shapeshifter) (Spider:1)
  14 purple draconians
  2 deep elf death magi
  A minotaur (Gauntlet)
  17 ettins
  A crystal guardian (Vaults:4)
  A fire dragon (shapeshifter) (Vaults:4)
  A shambling mangrove (Swamp:3)
  19 yaktaur captains
  The ghost of Hiblur the Cleaver, a journeyman MiFi of Ru (Orc:1)
  An entropy weaver (shapeshifter) (Vaults:5)
  A merfolk javelineer (Depths:2)
  A merfolk impaler (Depths:2)
  6 deep elf high priests
  10 great orbs of eyes
  A spriggan zombie (Depths:2)
  8 ice dragons
  Josephine (Lair:4)
  11 fire dragons
  11 entropy weavers
  A juggernaut simulacrum (Depths:2)
  8 ogre magi
  3 rakshasas
  31 vault guards
  A peacekeeper (Vaults:4)
  3 spriggan air magi (Depths:2)
  A hydra (shapeshifter) (Vaults:5)
  17 ironbound frosthearts
  8 radroaches
  13 two-headed ogres
  A jorogumo (Spider:1)
  An anaconda (shapeshifter) (Vaults:4)
  22 hydras
  The ghost of croobank the Covert, a journeyman OpDe of Gozag (D:10)
  5 alligators
  14 boulder beetles
  11 centaur warriors
  24 dancing weapons
  6 catoblepae
  An alligator (shapeshifter) (Vaults:5)
  7 deep troll shamans
  5 death yaks (Lair:5)
  6 spriggan berserkers
  2 orc high priests
  12 tengu warriors
  13 deep troll earth magi
  2 vampire magi (Depths:2)
  Urug (Orc:1)
  7 deep elf knights
  Nergalle (D:12)
  10 hell knights
  A fire crab (Lair:5)
  8 pharaoh ants
  A spark wasp zombie (Depths:1)
  7 iron trolls
  A golden dragon zombie (Depths:1)
  8 skeletal warriors (Vaults:2)
  A sun moth (Spider:4)
  4 deep elf archers
  3 goliath frogs
  7 orb spiders
  3 glowing orange brains
  2 flayed ghosts (Depths:1)
  81 deep trolls
  5 spriggan druids
  21 ironbound convokers
  9 phantasmal warriors
  An obsidian statue (Orc:1)
  15 deep elf zephyrmancers
  17 swamp dragons
  9 wizards
  5 steelbarb worms
  14 deep elf pyromancers
  9 lindwurms
  8 harpies (Vaults:1)
  10 bog bodies
  2 orc sorcerers
  3 stone giant zombies
  47 ugly things
  9 necromancers
  2 tengu skeletons
  22 wolf spiders
  4 orc knights
  2 salamanders (Depths:4)
  7 will-o-the-wisps
  12 cyclopes
  5 manticores
  A cyclops (shapeshifter) (Depths:2)
  16 moths of wrath
  18 elephants (Lair:5)
  An elephant (shapeshifter) (Vaults:5)
  A titan simulacrum (Vaults:4)
  22 vault sentinels
  2 black mambas
  4 torpor snails
  7 demonic crawlers
  A frost giant skeleton (Vaults:3)
  A gargoyle (D:13)
  2 storm dragon simulacra
  A torpor snail (shapeshifter) (Depths:2)
  14 cane toads
  An unseen horror (D:12)
  Psyche (D:9)
  An efreet (D:14)
  A yaktaur (shapeshifter) (Vaults:5)
  A kobold demonologist (D:12)
  6 tengu conjurers
  7 komodo dragons
  2 freezing wraiths (Vaults:5)
  6 rime drakes
  19 yaktaurs
  13 trolls
  A troll (shapeshifter) (D:14)
  2 yaktaur skeletons (Vaults:2)
  An ice devil (Gauntlet)
  6 tyrant leeches
  A merfolk (Spider:2)
  6 meliai
  2 polar bears
  32 tarantellas
  11 hornets
  12 blink frogs
  A snapping turtle (Spider:1)
  17 water elementals
  37 slime creatures
  2 air elementals
  23 jumping spiders
  24 culicivoras
  2 shadows (D:13)
  2 centaur simulacra
  39 yaks
  8 wraiths
  11 spriggans
  A yak (shapeshifter) (D:12)
  2 vampires (D:12)
  2 ettin skeletons (Vaults:2)
  2 basilisks
  3 wyverns
  4 fire elementals
  59 redbacks
  11 vampire mosquitoes
  A basilisk (shapeshifter) (Elf:1)
  3 steam dragons
  A yaktaur simulacrum (Vaults:3)
  16 swamp worms
  Menkaure (D:7)
  5 wargs
  A swamp worm (shapeshifter) (Vaults:5)
  2 elf skeletons
  3 acid dragons
  12 water moccasins
  11 swamp drakes
  3 black bears
  A glowing shapeshifter skeleton (Vaults:4)
  2 ice beasts (D:7)
  An ettin simulacrum (Depths:1)
  A spriggan simulacrum (Depths:1)
  25 orc warriors
  30 ogres
  8 centaurs
  A boggart (Vaults:2)
  25 wolves
  A phantom (D:5)
  A kobold brigand (D:9)
  7 bullfrogs
  3 earth elementals
  5 human skeletons
  2 scorpions
  22 killer bees
  2 electric eels (Lair:4)
  4 howler monkeys
  A jelly (D:6)
  A gnoll bouda (D:6)
  2 hounds (D:5)
  20 orc priests
  Jessica (D:3)
  4 iguanas
  Terence (D:2)
  28 orc wizards
  2 sleepcaps
  6 gnolls
  8 adders
  A river rat (shapeshifter) (Depths:1)
  3 shadow imps
  18 white imps
  An ufetubus (D:5)
  A worm (D:5)
  6 dart slugs
  92 orcs
  6 endoplasms
  A giant cockroach (D:4)
  9 goblins
  6 hobgoblins
  6 jackals (D:2)
  4 quokkas
  7 ball pythons
  6 bats
  2 frilled lizards
  17 kobolds
  A rat (D:3)
  A butterfly (Lair:4)
2001 creatures vanquished.

Vanquished Creatures (collateral kills)
  the Lernaean hydra (Swamp:4)
  A tentacled monstrosity (Depths:2)
  A sphinx (Depths:2)
  A frost giant (Depths:3)
  An ironbound preserver (Vaults:2)
  A spriggan defender (Depths:3)
  A stone giant (Depths:4)
  A deep elf annihilator (Depths:3)
  A green draconian (Zot:2)
  A spark wasp (Depths:2)
  An ettin (Depths:3)
  A great orb of eyes (Vaults:2)
  2 yaktaur captains
  A fire dragon (Depths:3)
  A deep troll shaman (Depths:4)
  2 hell knights (Depths:3)
  2 deep elf knights (Elf:1)
  A deep troll (Vaults:2)
  A deep elf archer (Elf:1)
  A wizard (Vaults:2)
  A deep elf pyromancer (Elf:1)
  An orc knight (Orc:1)
  2 deep elf zephyrmancers (Elf:1)
  The ghost of Squincus the Ruffian, a novice TrFi (D:6)
  A yaktaur (Vaults:2)
  A troll (Orc:1)
  2 orc warriors (Orc:1)
  An orc priest (Orc:1)
  A goblin (Bailey)
  2 hobgoblins (Bailey)
  A kobold (Bailey)
37 creatures vanquished.

Vanquished Creatures (others)
  A frost giant (Depths:4)
  A deep elf demonologist (Elf:2)
  A hydra (Swamp:4)
  5 deep elf knights (Elf:2)
  2 deep trolls (Vaults:5)
  A wizard (Vaults:2)
  2 deep elf zephyrmancers
  A yaktaur (Vaults:5)
  2 bloated husks
  A tarantella (Spider:1)
  A spriggan (Swamp:4)
  An orc priest (Elf:1)
  3 orcs
  26 foxfires
48 creatures vanquished.

Grand Total: 2086 creatures vanquished

Notes
Turn   | Place    | Note
-------+----------+-------------------------------------------
     0 | D:1      | jodaslayer1 the Minotaur Berserker began the quest for the
                  | Orb.
     0 | D:1      | Reached XP level 1. HP: 19/19 MP: 0/0
   104 | D:1      | Found a faded altar of an unknown god.
   429 | D:1      | Reached XP level 2. HP: 16/26 MP: 1/1
  1006 | D:1      | Reached skill level 5 in Axes
  1006 | D:1      | Reached XP level 3. HP: 22/31 MP: 2/2
  1639 | D:2      | Noticed Terence
  1643 | D:2      | Killed Terence
  1644 | D:2      | Reached XP level 4. HP: 39/39 MP: 3/3
  1647 | D:2      | Reached ** piety under Trog
  2097 | D:3      | Noticed Jessica
  2098 | D:3      | Killed Jessica
  2666 | D:4      | Reached XP level 5. HP: 41/45 MP: 4/4
  3031 | D:4      | Reached XP level 6. HP: 38/51 MP: 5/5
  3123 | D:4      | Reached *** piety under Trog
  3610 | D:4      | Reached XP level 7. HP: 57/57 MP: 6/6
  3869 | D:5      | Entered Level 5 of the Dungeon
  3904 | D:5      | Reached skill level 10 in Axes
  3954 | D:5      | Found a staircase to the Ecumenical Temple.
  4849 | D:5      | Reached XP level 8. HP: 63/64 MP: 7/7
  4971 | D:6      | Reached **** piety under Trog
  5011 | D:6      | Found a runed translucent gate.
  5011 | D:6      | Found a runed translucent gate.
  5011 | D:6      | Found a runed translucent gate.
  5040 | D:6      | Noticed Squincus's ghost (novice TrFi)
  5044 | D:6      | Noticed a two-headed ogre
  5204 | D:6      | Found Meudaipp's Distillery.
  5257 | D:6      | Found a stormy altar of Qazlal.
  5612 | D:6      | Reached skill level 1 in Evocations
  5612 | D:6      | Killed Squincus's ghost
  5618 | D:6      | Reached XP level 9. HP: 39/73 MP: 8/8
  5620 | D:6      | HP: 1/109 [two-headed ogre/+0 giant club (21)]
  5622 | D:6      | Killed a two-headed ogre
  5623 | D:6      | Reached skill level 5 in Fighting
  6135 | D:7      | Noticed Menkaure
  6554 | D:7      | Killed Menkaure
  6566 | D:7      | Reached skill level 5 in Armour
  6705 | D:7      | Found Gaotaig's Antique Armour Boutique.
  7339 | D:8      | Noticed a two-headed ogre
  7349 | D:8      | Reached XP level 10. HP: 84/84 MP: 9/9
  7353 | D:8      | Killed a two-headed ogre
  7934 | D:8      | Reached skill level 15 in Axes
  8196 | D:9      | Found a staircase to the Lair.
  8427 | D:9      | Noticed Psyche
  8453 | D:9      | Killed Psyche
  9038 | D:9      | Paralysed by a hornet for 2 turns
  9043 | D:9      | Paralysed by a hornet for 2 turns
  9428 | D:9      | Found Koaraguj's General Store.
  9433 | D:9      | Found Posy's Specific Store.
  9442 | D:9      | Bought a scroll of identify for 24 gold pieces
  9442 | D:9      | Bought a scroll of identify for 24 gold pieces
  9969 | Lair:1   | Entered Level 1 of the Lair of Beasts
 10079 | Lair:1   | Reached XP level 11. HP: 47/95 MP: 10/10
 11052 | Lair:1   | Noticed an eight-headed hydra
 11058 | Lair:1   | Killed a ten-headed hydra
 11748 | Lair:2   | Found a staircase to the Swamp.
 11748 | Lair:2   | Noticed a seven-headed hydra
 11760 | Lair:2   | Killed a 12-headed hydra
 12411 | Lair:2   | Noticed a catoblepas
 12433 | Lair:2   | Killed a catoblepas
 12663 | Lair:2   | Reached skill level 10 in Fighting
 13379 | Lair:3   | Reached skill level 10 in Armour
 13385 | Lair:3   | Reached XP level 12. HP: 89/107 MP: 11/11
 13750 | Lair:3   | Found a hole to the Spider Nest.
 14569 | Lair:3   | Identified a scroll of acquirement
 14569 | Lair:3   | Acquired the ring of Qesats {Will+ Slay+2}
 14950 | Lair:4   | Noticed an eight-headed hydra
 14958 | Lair:4   | Killed a 12-headed hydra
 15019 | Lair:4   | Identified the +1 robe of Ducs {rPois Will- Regen+ MP+9}
 15035 | Lair:4   | Noticed a four-headed hydra
 15045 | Lair:4   | Killed a six-headed hydra
 15153 | Lair:4   | Identified the ring "Yshonaog" {rF+ MP+9}
 15441 | Lair:4   | Noticed a four-headed hydra
 15448 | Lair:4   | Killed an eight-headed hydra
 15489 | Lair:4   | Noticed Josephine
 15502 | Lair:4   | Killed Josephine
 15631 | Lair:4   | Found a staircase to the Slime Pits.
 15632 | Lair:4   | Found a viscous altar of Jiyva.
 15873 | Lair:4   | Found the +1 robe of Vines {NoPotionHeal Regen++++}
 15903 | Lair:5   | Entered Level 5 of the Lair of Beasts
 15943 | Lair:5   | Reached XP level 13. HP: 118/118 MP: 12/12
 15974 | Lair:5   | Found a hide-covered altar of Uskayaw.
 15979 | Lair:5   | Found an ornate altar of the Wu Jian Council.
 17096 | Lair:5   | Noticed a dire elephant
 17564 | Lair:5   | Killed a dire elephant
 19502 | D:10     | Entered Level 10 of the Dungeon
 19505 | D:10     | Found a transporter.
 19506 | D:10     | Noticed croobank's ghost (journeyman OpDe)
 19512 | D:10     | Found a flagged portal.
 19514 | D:10     | Found a transporter.
 19521 | Bailey   | Entered a bailey
 19677 | Bailey   | Identified the +5 battleaxe of Jaal {antimagic, rC+ rCorr}
 19901 | D:10     | Killed croobank's ghost
 19902 | D:10     | Reached XP level 14. HP: 130/130 MP: 4/13
 20011 | D:10     | Reached ***** piety under Trog
 20621 | D:11     | Found Pigankurac's General Store.
 20719 | D:6      | Gained mutation: Your spells are a little easier to cast,
                  | but a little less powerful. [potion of mutation]
 20719 | D:6      | Gained mutation: Your muscles are strong. (Str +4, Int/Dex
                  | -1) [potion of mutation]
 20720 | D:6      | Lost mutation: Your muscles are strong. (Str +4, Int/Dex
                  | -1) [potion of mutation]
 20720 | D:6      | Lost mutation: Your spells are a little easier to cast, but
                  | a little less powerful. [potion of mutation]
 20720 | D:6      | Gained mutation: You expend magic power (3 MP) to
                  | strengthen your wands. [potion of mutation]
 20720 | D:6      | Gained mutation: Your flesh is cold resistant. (rC+)
                  | [potion of mutation]
 21758 | D:12     | Found a gate leading to a gauntlet.
 21767 | Gauntlet | Entered a Gauntlet
 21767 | Gauntlet | Found a transporter.
 21767 | Gauntlet | Found a transporter.
 21769 | Gauntlet | Found a transporter.
 21769 | Gauntlet | Found a transporter.
 21799 | Gauntlet | Found a transporter.
 21799 | Gauntlet | Found a transporter.
 21872 | Gauntlet | Found a transporter.
 21876 | Gauntlet | Found a transporter.
 21876 | Gauntlet | Found a transporter.
 21877 | Gauntlet | Found a transporter.
 21904 | Gauntlet | Identified the ring "Agisuidd" {*Corrode Fly rC+ rN+ Dex+4}
 22048 | Gauntlet | Found a transporter.
 22072 | Gauntlet | Found a transporter.
 23485 | D:12     | Noticed Nergalle
 23496 | D:12     | Killed Nergalle
 23700 | D:12     | Found a staircase to the Orcish Mines.
 23814 | D:12     | Noticed Jorgrun
 23827 | D:12     | Killed Jorgrun
 24188 | Orc:1    | Entered Level 1 of the Orcish Mines
 24200 | Orc:1    | Found a runed translucent gate.
 24237 | Orc:1    | Noticed Urug
 24247 | Orc:1    | Killed Urug
 24492 | Orc:1    | Found Nyinas's Antique Armour Shoppe.
 24628 | Orc:1    | Found a runed translucent gate.
 24628 | Orc:1    | Found an opulent altar of Gozag.
 24649 | Orc:1    | Found a runed translucent gate.
 24651 | Orc:1    | Noticed Hiblur's ghost (journeyman MiFi)
 24800 | Orc:1    | Killed Hiblur's ghost
 24809 | Orc:1    | Reached skill level 15 in Fighting
 25128 | Orc:2    | Entered Level 2 of the Orcish Mines
 25133 | Orc:2    | Found a staircase to the Elven Halls.
 25433 | Orc:2    | Reached XP level 15. HP: 141/141 MP: 0/14
 25444 | Orc:2    | Reached skill level 15 in Armour
 26179 | Orc:2    | Found Uretul's Jewellery Emporium.
 26195 | Orc:2    | Found Waor's Armour Emporium.
 26201 | Orc:2    | Received a gift from Trog
 26329 | Orc:2    | Found Ibuann's Distillery.
 26332 | Orc:2    | Bought the +0 cloak of Ebuot {rPois MP+9 Str+3} for 572
                  | gold pieces
 26391 | Orc:2    | Found Bomoso's Book Shoppe.
 26924 | D:13     | Noticed Nessos
 26936 | D:13     | Killed Nessos
 27409 | D:13     | Identified the +4 flail "Riugu" {freeze, Drain Dex+6}
 27880 | D:14     | Found a runed translucent gate.
 27880 | D:14     | Found a runed translucent gate.
 27884 | D:14     | Found a runed translucent gate.
 27884 | D:14     | Noticed Nolodgh's ghost (journeyman DgHu)
 28157 | D:14     | Found a gate to the Vaults.
 28614 | D:14     | You are sucked into a shaft and drop 1 floor!
 28614 | D:15     | Entered Level 15 of the Dungeon
 28632 | D:15     | Found a staircase to the Depths.
 28828 | D:15     | Found a glowing golden altar of the Shining One.
 29469 | D:14     | Killed Nolodgh's ghost
 29527 | D:14     | Identified the +2 broad axe of Proximity {elec, Will+}
 29529 | D:14     | Identified the +8 falchion of Dust {flame, +Blink Will+
                  | Int+3}
 29651 | D:15     | Reached skill level 1 in Shields
 29758 | D:15     | Identified the +2 leather armour of Liberalism {-Cast rPois
                  | Str+7}
 29988 | D:15     | Found Wyzytid's Magic Scroll Shoppe.
 29999 | D:15     | Bought a scroll of teleportation for 48 gold pieces
 29999 | D:15     | Bought a scroll of blinking for 120 gold pieces
 29999 | D:15     | Bought a scroll of blinking for 120 gold pieces
 30893 | Swamp:1  | Entered Level 1 of the Swamp
 31011 | Swamp:1  | Reached XP level 16. HP: 144/152 MP: 15/15
 31223 | Swamp:1  | Noticed a thorn hunter
 31240 | Swamp:1  | Killed a thorn hunter
 32116 | Swamp:2  | Reached skill level 5 in Shields
 32463 | Swamp:2  | You are sucked into a shaft and drop 1 floor!
 33031 | Swamp:2  | Noticed Roxanne
 34329 | Swamp:4  | Entered Level 4 of the Swamp
 34382 | Lair:2   | Found a staircase to the Swamp.
 34667 | Spider:1 | Entered Level 1 of the Spider Nest
 35696 | Spider:1 | Noticed Louise
 35710 | Spider:1 | Killed Louise
 37088 | Spider:1 | HP: 1/155 [wolf spider[a broodmother] (8)]
 38118 | Spider:1 | Reached XP level 17. HP: 162/162 MP: 16/16
 38332 | Spider:2 | Reached skill level 10 in Shields
 38548 | Spider:1 | Gained mutation: You are dopey. (Int -2) [mutagenic glow]
 38553 | Spider:1 | Gained mutation: Your spells are a little easier to cast,
                  | but a little less powerful. [mutagenic glow]
 39795 | Spider:2 | Received a gift from Trog
 41872 | Spider:3 | Noticed Mlioglotl
 41879 | Spider:3 | Killed Mlioglotl
 42523 | Swamp:4  | Received a gift from Trog
 44687 | Swamp:4  | Reached XP level 18. HP: 173/173 MP: 17/17
 45782 | Swamp:4  | Noticed the 27-headed Lernaean hydra
 45789 | Swamp:4  | Killed the 26-headed Lernaean hydra
 45840 | Swamp:4  | Got a decaying rune of Zot
 46236 | Spider:4 | Entered Level 4 of the Spider Nest
 47775 | Spider:4 | Gained mutation: You are occasionally teleported next to
                  | monsters. [mutagenic glow]
 49616 | Spider:4 | Got a gossamer rune of Zot
 49906 | Spider:4 | Identified the +1 ring mail of the Nexus {Harm rPois Dex+3}
 50537 | Vaults:1 | Entered Level 1 of the Vaults
 50690 | Vaults:1 | Reached skill level 15 in Shields
 51148 | Vaults:1 | Identified the +7 scimitar of the Shoals {flame, rF+ rC+}
                  | (Trog gifted it to you on level 1 of the Vaults)
 51148 | Vaults:1 | Received a gift from Trog
 52699 | Vaults:2 | Reached XP level 19. HP: 183/183 MP: 18/18
 53082 | Vaults:2 | Noticed ayayaya's ghost (adept HOFE)
 53083 | Vaults:2 | Found a runed translucent door.
 53244 | Vaults:2 | Found Qaibiesk's Antique Armour Emporium.
 53303 | Vaults:2 | Found a transporter.
 54159 | Vaults:2 | Received a gift from Trog
 54444 | Vaults:2 | Identified the +4 morningstar "Nimolex" {venom, Dex+2}
 54900 | Vaults:2 | Found a radiant altar of Vehumet.
 55405 | Vaults:2 | Found a staircase to the Crypt.
 55658 | Vaults:2 | Found a transporter.
 55758 | Vaults:2 | Killed ayayaya's ghost
 56355 | Vaults:3 | Reached skill level 27 in Axes
 56573 | Vaults:3 | Reached XP level 20. HP: 179/195 MP: 19/19
 56756 | Vaults:3 | Received a gift from Trog
 56917 | Vaults:3 | Noticed Sojobo
 56929 | Vaults:3 | Killed Sojobo
 57627 | Vaults:3 | Found a portal to a secret trove of treasure.
 58028 | Vaults:3 | Found Urpherob's Jewellery Boutique.
 58032 | Vaults:3 | Bought the ring of Amutiroq {rPois rN+ Will+ rCorr} for 636
                  | gold pieces
 58324 | Vaults:3 | Identified the +6 plate armour of the Abyss {rElec}
 58342 | Vaults:3 | Noticed Saint Roka
 58856 | Vaults:3 | Identified the +6 scale mail "Xobirph" {+Inv}
 58900 | Vaults:3 | Killed Saint Roka
 59837 | Vaults:4 | Reached XP level 21. HP: 205/205 MP: 20/20
 60946 | Vaults:4 | Identified the +4 chain mail "Yderghaown" {rN++ Dex+4}
 61508 | Elf:1    | Entered Level 1 of the Elven Halls
 61525 | Elf:1    | Received a gift from Trog
 61863 | Elf:1    | Noticed Nikola
 61879 | Elf:1    | Killed Nikola
 62071 | Elf:1    | Found a transporter.
 62071 | Elf:1    | Identified the amulet of Kejiu {Fly Will+ Regen+}
 62193 | Elf:1    | Noticed spardeous's ghost (adept DgEE)
 62506 | Elf:1    | Found a transporter.
 62838 | Elf:1    | Found a one-way gate to the infinite horrors of the Abyss.
 62889 | Elf:1    | Identified the scarf of Mumekh {shadows, Will- Int+5 Dex+7}
 63078 | Elf:1    | Paralysed by an air elemental for 1 turns
 63506 | Elf:1    | Found a runed translucent gate.
 63506 | Elf:1    | Found a runed translucent gate.
 63506 | Elf:1    | Found a runed translucent gate.
 63506 | Elf:1    | Found a runed translucent gate.
 63506 | Elf:1    | Found a runed translucent gate.
 63510 | Elf:1    | Found a runed translucent gate.
 64001 | Elf:1    | Noticed Agnes
 64015 | Elf:1    | Killed Agnes
 65950 | D:6      | Lost mutation: Your flesh is cold resistant. (rC+) [potion
                  | of mutation]
 65950 | D:6      | Lost mutation: Your spells are a little easier to cast, but
                  | a little less powerful. [potion of mutation]
 65950 | D:6      | Lost mutation: You are occasionally teleported next to
                  | monsters. [potion of mutation]
 65950 | D:6      | Gained mutation: Your body sometimes deteriorates upon
                  | taking damage. [potion of mutation]
 65950 | D:6      | Lost intelligence.
 65950 | D:6      | Gained mutation: You are very dopey. (Int -4) [potion of
                  | mutation]
 65952 | D:6      | Lost mutation: Your body sometimes deteriorates upon taking
                  | damage. [potion of mutation]
 65952 | D:6      | Lost mutation: You are very dopey. (Int -4) [potion of
                  | mutation]
 65952 | D:6      | Lost mutation: You are dopey. (Int -2) [potion of mutation]
 65952 | D:6      | Gained mutation: You passively dampen the noise of your
                  | surroundings. [potion of mutation]
 65952 | D:6      | Gained mutation: Armour fits poorly on your strangely
                  | shaped body. [potion of mutation]
 65952 | D:6      | Gained mutation: You are agile. (Dex +4, Str/Int -1)
                  | [potion of mutation]
 65952 | D:6      | Gained mutation: Your movements are slightly less
                  | encumbered by armour. (ER -2) [potion of mutation]
 65953 | D:6      | Lost mutation: You passively dampen the noise of your
                  | surroundings. [potion of mutation]
 65953 | D:6      | Lost mutation: Armour fits poorly on your strangely shaped
                  | body. [potion of mutation]
 65953 | D:6      | Lost mutation: Your movements are slightly less encumbered
                  | by armour. (ER -2) [potion of mutation]
 65953 | D:6      | Gained mutation: Your movements are slightly less
                  | encumbered by armour. (ER -2) [potion of mutation]
 65953 | D:6      | Gained mutation: Your flesh is cold resistant. (rC+)
                  | [potion of mutation]
 66673 | Elf:2    | Found Woto's Jewellery Shop.
 66674 | Elf:2    | Found Hiugg's Book Emporium.
 66675 | Elf:2    | Found Eqiss's Jewellery Shop.
 66681 | Elf:2    | Bought an amulet of reflection for 330 gold pieces
 66897 | Elf:2    | Found a runed translucent gate.
 66898 | Elf:2    | Found a runed translucent gate.
 66898 | Elf:2    | Found a runed translucent gate.
 67812 | Depths:1 | Entered Level 1 of the Depths
 69290 | Depths:1 | Found a gateway to Hell.
 69878 | Depths:2 | Reached XP level 22. HP: 205/217 MP: 21/21
 70617 | Depths:2 | Reached ****** piety under Trog
 71181 | Depths:2 | Noticed Bai Suzhen
 71197 | Depths:2 | Killed Bai Suzhen
 71201 | Depths:2 | Identified the staff of air "Doudir" {+Blink rElec}
 71281 | Depths:2 | Noticed a juggernaut
 71300 | Depths:2 | Killed a juggernaut
 71424 | Depths:2 | Noticed a golden dragon
 71434 | Depths:2 | Killed a golden dragon
 71553 | Depths:2 | Reached XP level 23. HP: 227/227 MP: 22/22
 71554 | Depths:2 | Reached XP level 24. HP: 236/236 MP: 22/22
 71603 | Depths:2 | Found a one-way gateway to a ziggurat.
 71605 | Depths:2 | Found a one-way gate leading to the halls of Pandemonium.
 71886 | Depths:2 | Identified the -1 pair of gloves "Huity" {rCorr Slay+2}
 71900 | Depths:2 | Identified the +1 scale mail of Feasting {Int+3 Dex+6
                  | Stlth-}
 72385 | Depths:3 | Received a gift from Trog
 72697 | Depths:3 | Noticed a juggernaut
 72698 | Depths:3 | Noticed a juggernaut
 72710 | Depths:3 | Noticed a dread lich
 72711 | Depths:3 | Killed a juggernaut
 72720 | Depths:3 | Killed a juggernaut
 73200 | Depths:2 | Killed a dread lich
 73646 | Depths:3 | Identified the +8 war axe of Distraction {heavy, rF+ rC+}
                  | (Trog gifted it to you on level 3 of the Depths)
 73646 | Depths:3 | Received a gift from Trog
 73749 | Depths:3 | Identified the ring "Naatim" {rPois EV+5 Stlth+}
 73782 | Depths:3 | Identified the +2 long sword of Magnificence {freeze,
                  | rPois}
 73829 | Depths:3 | Reached XP level 25. HP: 245/245 MP: 22/22
 73904 | Depths:3 | Identified the +8 whip of Netys {venom, rElec rF+}
 74399 | Depths:4 | Entered Level 4 of the Depths
 74425 | Depths:4 | Noticed a juggernaut
 74434 | Depths:4 | Killed a juggernaut
 74918 | Depths:4 | Received a gift from Trog
 75098 | Depths:4 | Found Ciatech's Pet Rocks.
 75659 | Depths:4 | Found a gate to the Realm of Zot.
 75768 | Depths:4 | Found Cyd Doeck's Magic Scroll Emporium.
 75773 | Depths:4 | Bought 2 scrolls of brand weapon for 399 gold pieces
 75773 | Depths:4 | Bought a scroll of acquirement for 1092 gold pieces
 75773 | Depths:4 | Bought a scroll of enchant armour for 157 gold pieces
 75774 | Depths:4 | Acquired 952 gold pieces
 76082 | Depths:4 | Noticed a juggernaut
 76089 | Depths:4 | Killed a juggernaut
 76576 | Vaults:5 | Entered Level 5 of the Vaults
 76616 | Vaults:5 | Noticed a dread lich
 76618 | Vaults:5 | Noticed an ancient lich
 76851 | Vaults:5 | Killed a dread lich
 76852 | Vaults:5 | Reached skill level 27 in Shields
 77192 | Vaults:5 | Killed an ancient lich
 77240 | Vaults:5 | Found the +8 whip "Snakebite" {venom, curare, rPois}
 77249 | Vaults:5 | Noticed a dread lich
 77255 | Vaults:5 | Identified the ring "Hick" {rF++ Will+}
 77315 | Vaults:5 | HP: 9/237 [quicksilver dragon/bolt of dispelling energy
                  | (32)]
 77315 | Vaults:5 | Noticed an ancient lich
 77337 | Vaults:5 | HP: 9/232 [shadow dragon/bolt of negative energy (17)]
 77356 | Vaults:5 | HP: 6/232 [yaktaur/bolt[a yaktaur captain] (20)]
 78874 | Vaults:5 | Killed a dread lich
 79596 | Vaults:5 | Reached XP level 26. HP: 260/260 MP: 22/22
 86476 | Vaults:5 | Got a silver rune of Zot
 86498 | Vaults:5 | Identified the +0 scale mail of Lilacs {+Inv}
 87165 | Orc:2    | Bought a potion of curing for 39 gold pieces
 87165 | Orc:2    | Bought a potion of invisibility for 104 gold pieces
 87165 | Orc:2    | Bought a potion of resistance for 130 gold pieces
 87393 | Depths:4 | Bought a scroll of teleportation for 63 gold pieces
 87393 | Depths:4 | Bought a scroll of teleportation for 63 gold pieces
 87393 | Depths:4 | Bought a scroll of teleportation for 63 gold pieces
 87493 | Zot:1    | Entered Level 1 of the Realm of Zot
 88412 | Zot:1    | Reached skill level 27 in Fighting
 89014 | Zot:1    | Reached skill level 27 in Armour
 90407 | Zot:2    | Reached skill level 5 in Dodging
 92523 | Zot:2    | Reached skill level 10 in Dodging
 93897 | Zot:3    | HP: 2/266 [white draconian stormcaller/divine providence[a
                  | black draconian knight] (13)]
 93904 | Zot:3    | Slain by a black draconian knight

Illustrated notes

Levels and vault maps discovered:
D:1:      lemuel_arrival_behind_the_door_small, layout_basic,
          shapermc_ecumenical_altar_notcrosses, serial_forest,
          infiniplex_forest_straight_1, infiniplex_forest_corner_2,
          infiniplex_forest_clump_curved, infiniplex_forest_end_1,
          infiniplex_forest_3_way, infiniplex_forest_lined_room_2,
          infiniplex_forest_clump_small, infiniplex_forest_zigzag_2,
          infiniplex_forest_lined_room_, serial_park_tiny_2
D:2:      layout_loops_ring, uniq_terence
D:3:      layout_loops_cross, hex_tiny, minmay_misc_feat_chi, uniq_jessica
D:4:      layout_gridville
D:5:      layout_loops_ring, temple_fountains, kennysheep_generic_room_11
D:6:      layout_cave_pools, kennysheep_little_box, gammafunk_ghost_split,
          serial_shops, nicolae_shop_crystal, grunt_ministairs_4
D:7:      layout_loops_ring, serial_shops, nicolae_shop_advertising_works
          [nicolae_subvault_shop_adworks], uniq_menkaure
D:8:      layout_rooms, minmay_misc_feat_cross, st_stairs_1
D:9:      layout_basic, lair_entry_dummy, nicolae_specific_store,
          kennysheep_generic_room_3, uniq_psyche
D:10:     layout_cave_pools, gammafunk_ghost_berserking_beasts, enter_bailey_2
D:11:     layout_basic, serial_shops, shop
D:12:     minmay_box_of_statues, layout_loops_corners, david_orc_2,
          gauntlet_entry_generic, uniq_jorgrun, uniq_nergalle
D:13:     layout_grid_maze, minmay_circle_x, uniq_nessos
D:14:     layout_roguey, erik_vaults_1, gammafunk_ghost_hydra_chop
D:15:     hangedman_depths_entry_try_elsewhere_first, layout_basic,
          serial_shops, shop, tso_metal_star
Lair:1:   layout_gridlike, infiniplex_staircase_pool_2
Lair:2:   layout_layer_cave, minmay_swamp_entry_reptiles
Lair:3:   layout_chaotic_city, spider_nest_entry_rubble
Lair:4:   layout_misc_corridors, slime_entry_1, hellmonk_guarded_unrand_vines,
          serial_bayou_shore_a, lemuel_fruit_tree, lemuel_fruit_fields,
          uniq_josephine
Lair:5:   grunt_lair_end_beastmaster, layout_hall_layers,
          portal_ice_cave_entry_imps, nzn_masters_of_martial_movement,
          grunt_megastairs_1, lemuel_fruit_fields
Swamp:1:  layout_basic_swamp, evilmike_swamp_ruin_rubble_2,
          nicolae_swamp_tree_designs
Swamp:2:  layout_falls_marsh, evilmike_swamp_ruin_house_6, swamp_pool4,
          nicolae_swamp_oxbows, uniq_roxanne
Swamp:3:  layout_falls_marsh, nicolae_swamp_dense_foliage
Swamp:4:  grunt_swamp_rune_castle, layout_basic_swamp, swamp_pool5
Spider:1: nicolae_spider_hilbert_zone_2 [nicolae_spider_hilbert_4_sides_1_open,
          nicolae_spider_hilbert_4_sides_1_open,
          nicolae_spider_hilbert_4_sides_1_open,
          nicolae_spider_hilbert_4_sides_1_open,
          nicolae_spider_hilbert_6_sides_1_open,
          nicolae_spider_hilbert_6_sides_1_open,
          nicolae_spider_hilbert_3_sides_1_open,
          nicolae_spider_hilbert_3_sides_1_open,
          nicolae_spider_hilbert_3_sides_1_open,
          nicolae_spider_hilbert_3_sides_1_open,
          nicolae_spider_hilbert_6_sides_1_open,
          nicolae_spider_hilbert_6_sides_1_open,
          nicolae_spider_hilbert_6_sides_1_open,
          nicolae_spider_hilbert_6_sides_1_open], nicolae_spider_webbed_stairs,
          uniq_louise
Spider:2: layout_spider_delve
Spider:3: layout_chambers, nicolae_spider_bug_shape, uniq_mlioglotl
Spider:4: grunt_spider_rune_parallel
Orc:1:    layout_caves, ebering_ghost_gozag, serial_shops,
          nicolae_shop_rolling_square, uniq_urug
Orc:2:    st_orc_open, layout_caves
Elf:1:    minmay_elf_arrival_summoners, layout_loops_corners,
          gammafunk_ghost_abyssal_escape, orc_legates, uniq_nikola, uniq_agnes
Elf:2:    nicolae_elf_blades_crystal_corner, layout_rooms, grunt_megastairs_2,
          minmay_shop_grove
Vaults:1: ontoclasm_vaults_chip, nicolae_vaults_little_squares_5,
          vaults_room_ringed_pool, v_pattern_2, nicolae_vaults_puzzle_piece,
          nicolae_vaults_shrinking_rooms_2, nicolae_vaults_diagonal_hallway_8,
          nicolae_vaults_two_Ls, grunt_vaults_swirl, nicolae_vaults_meiosis,
          v_misc_17, nicolae_vaults_offset_grid_hallway_2, nicolae_vaults_theta,
          ontoclasm_vaults_idyll, layout_vaults_maze_snakey
Vaults:2: ebering_ghost_inner_flame, nicolae_vaults_windows_and_doors_thing,
          nicolae_vaults_angled_halls, gammafunk_sealed_library,
          nicolae_vaults_arrows, v_misc_23, nicolae_vaults_closet_pinwheel_4,
          minmay_crypt_entry_skeletal_spiral, nicolae_vaults_double_plus_3,
          v_misc_3, hangedman_vaults_locks, nicolae_vaults_trapezoid_lopsided_3,
          ontoclasm_vaults_twist, vaults_room_stairs_pillars,
          nicolae_vaults_ninety_degrees, nicolae_vaults_house_1,
          nicolae_vaults_two_Ls, layout_vaults_omnicross, serial_shops, shop
Vaults:3: vaults_room_corners, nicolae_vaults_quadrants,
          nicolae_vaults_double_plus_2, nicolae_vaults_little_squares_2,
          v_misc_17, nicolae_vaults_more_shelving_1, nicolae_vaults_theta,
          nicolae_vaults_closet_pinwheel_2, hangedman_vaults_capsules,
          ontoclasm_vaults_loading_screen, nicolae_vaults_house_2,
          layout_vaults_omnigrid, serial_shops, nicolae_shop_gaudy_bauble,
          nicolae_trove_entry_free_sample, uniq_saint_roka, uniq_sojobo
Vaults:4: nicolae_vaults_closet_pinwheel_3, nicolae_vaults_sealed_display,
          nicolae_vaults_shelves_hall, st_eye, vaults_room_fancy_cross,
          nicolae_vaults_tetromino_L_2, v_misc_2, grunt_vaults_twisty,
          nicolae_vaults_diagonal_hallway_9, nicolae_vaults_little_squares_1,
          vaults_dpeg_hooks, nicolae_vaults_little_squares_3,
          nicolae_vaults_diamond_2, hangedman_vaults_maws, vaults_mumra_hex,
          layout_vaults_omnibox, serial_glass
Vaults:5
Depths:1: layout_big_octagon, roderic_roman_lattice, abyss_entry, hell_entry,
          minmay_misc_feat_columns, grunt_ministairs_5,
          nicolae_figureground_pulse
Depths:2: box_level_dp, pan_entry, hell_entry, uniq_bai_suzhen
Depths:3: minmay_the_grid_3x3 [minmay_the_grid_eight,
          minmay_the_grid_holed_spiral, minmay_the_grid_tri_star,
          minmay_the_grid_minigrid_small_alt, minmay_the_grid_rooms,
          minmay_the_grid_x, minmay_the_grid_broken_lines,
          minmay_the_grid_outer_circle, minmay_the_grid_prize_trominoes],
          layout_honeycomb, chequers_big_river, abyss_entry, hell_entry
Depths:4: evilmike_zot_entry_hall, layout_basic, pan_entry, hell_entry,
          minmay_misc_feat_rugged, serial_shops, nicolae_shop_window_shopping,
          guppyfry_shop_earth
Zot:1:    layout_cathedral_of_symmetry, st_stairs_13, nicolae_lava_and_water
Zot:2:    layout_basic, hangedman_snake_sidewinding
Zot:3:    hangedman_zot_vaults_quadrants, layout_cathedral_of_symmetry

Skill      XL: |  1  2  3  4  5  6  7  8  9 10 11 12 13 14 15 16 17 18 19 20 21 22 23 24 25 26 |
---------------+-------------------------------------------------------------------------------+-----
Axes           | 4 5 6 7 8 9 11 13 14 15 17 19 21 23 24 25 26 27 | 27.0
Fighting       | 4 6 8 10 12 13 15 16 17 18 19 20 21 22 23 24 25 27 | 27.0
Armour         | 4 6 8 10 11 13 14 16 17 18 19 20 21 22 23 24 25 27 | 27.0
Evocations     | 2 4 |  4.7
Shields        | 3 9 13 16 18 20 23 24 25 27 | 27.0
Dodging        | 12 | 12.1

Action                     |  1- 3 |  4- 6 |  7- 9 | 10-12 | 13-15 | 16-18 | 19-21 | 22-24 | 25-27 || total
---------------------------+-------+-------+-------+-------+-------+-------+-------+-------+-------++-------
  Melee: Hand axe          |    20 |       |       |       |       |       |       |       |       ||    20
         Headbutt          |     6 |     6 |    25 |    93 |   211 |   307 |   446 |   184 |   374 ||  1652
         War axe           |    27 |    87 |   178 |   457 |   222 |       |       |    16 |  1069 ||  2056
         Punch             |       |       |     2 |     2 |     1 |       |       |       |       ||     5
         Battleaxe         |       |       |       |       |   546 |       |       |       |       ||   546
         Broad axe         |       |       |       |       |    62 |  1166 |  1382 |   545 |    43 ||  3198
 Invoke: Berserk           |       |       |     3 |    11 |    22 |    19 |    17 |     7 |    16 ||    95
         Trog's Hand       |       |       |     3 |     5 |    26 |    18 |    29 |    11 |    29 ||   121
         Brothers in Arms  |       |       |     1 |       |     2 |     1 |     7 |     3 |     7 ||    21
  Evoke: Wand              |       |       |       |    14 |    15 |    52 |    14 |       |    15 ||   110
    Use: Scroll            |       |       |    10 |    12 |    17 |    21 |    19 |     4 |    25 ||   108
         Potion            |       |       |       |     2 |     4 |     6 |    21 |     9 |    29 ||    71
   Stab: Confused          |       |       |       |       |       |     2 |       |       |       ||     2
         Distracted        |       |       |       |       |       |     1 |       |     3 |     1 ||     5
         Invisible         |       |       |       |       |       |       |       |       |    12 ||    12
         Fleeing           |       |       |       |       |       |       |       |       |     1 ||     1
 Armour: Animal skin       |     6 |       |       |       |       |       |       |       |       ||     6
         Leather armour    |     1 |    20 |       |       |       |       |       |       |       ||    21
         Ring mail         |       |     4 |    69 |   134 |       |       |       |       |       ||   207
         Plate armour      |       |       |       |    78 |   508 |   686 |   485 |   210 |    74 ||  2041
         Gold dragon scale |       |       |       |       |       |       |       |       |   461 ||   461
  Dodge: Dodged            |    28 |    48 |    87 |   195 |   485 |   471 |   277 |    75 |   275 ||  1941
  Block: Buckler           |       |       |       |       |     9 |   107 |       |       |       ||   116
         Tower shield      |       |       |       |       |       |   754 |  1189 |   602 |  1532 ||  4077
         Reflection        |       |       |       |       |       |       |     4 |    14 |    53 ||    71
